 Dungeon Crawl Stone Soup version 0.22-b1-26-g9dbaab1 (webtiles) character file.

80 taaruk the Cudgeler (level 4, 0/41 HPs)
             Began as a Minotaur Berserker on Aug 6, 2018.
             Was a Believer of Trog.
             Slain by a gnoll
             ... wielding a +0 halberd
              (4 damage)
             ... on level 3 of the Dungeon.
             The game lasted 00:03:49 (1512 turns).

taaruk the Cudgeler (Minotaur Berserker)            Turns: 1512, Time: 00:03:49

Health: 0/41       AC:  3    Str: 22    XL:     4   Next: 18%
Magic:  3/3        EV: 12    Int:  4    God:    Trog [**....]
Gold:   132        SH:  0    Dex: 10    Spells: 3/3 levels left

rFire    . . .     SeeInvis .   a - +0 mace
rCold    . . .     Gourm    .   (no shield)
rNeg     . . .     Faith    .   b - +0 animal skin
rPois    .         Spirit   .   (helmet restricted)
rElec    .         Reflect  .   (no cloak)
rCorr    .         Harm     .   n - +0 pair of gloves
MR       ++...                  (no boots)
Stlth    +.........             (no amulet)
HPRegen  1.13/turn              (no ring)
MPRegen  0.08/turn              (no ring)

@: regenerating
A: retaliatory headbutt, horns 2
a: Berserk, Trog's Hand, Renounce Religion


You were on level 3 of the Dungeon.
You worshipped Trog.
Trog was pleased with you.
You were not hungry.

You visited 1 branch of the dungeon, and saw 3 of its levels.

You collected 132 gold pieces.

Inventory:

Hand Weapons
 a - a +0 mace (weapon)
Armour
 b - a +0 animal skin (worn)
 n - a +0 pair of gloves (worn)
Jewellery
 e - a cursed ring of teleportation {unknown}
 h - an uncursed ring of poison resistance {unknown}
 q - a +2 ring of protection {unknown}
Scrolls
 f - 3 scrolls of noise {unknown}
 i - 2 scrolls of immolation {unknown}
 j - 5 scrolls of identify {unknown}
 o - a scroll of magic mapping {unknown}
 p - a scroll of fog {unknown}
 r - a scroll of enchant armour {unknown}
Potions
 d - a potion of mutation {unknown}
 g - a potion of curing {unknown}
 k - a potion of invisibility {unknown}
 l - a potion of brilliance {unknown}
 m - a potion of flight {unknown}
Comestibles
 c - 5 rations


   Skills:
 + Level 4.8 Fighting
 + Level 4.9 Maces & Flails
 + Level 2.6 Armour
 + Level 2.5 Dodging


You had 3 spell levels left.
You didn't know any spells.
Your spell library was empty.

Dungeon Overview and Level Annotations

Branches:
Dungeon (3/15)

Altars:
Nemelex Xobeh
Zin


Innate Abilities, Weirdness & Mutations

You reflexively headbutt those who attack you in melee.
You have a pair of horns on your head.


Message History

The gnoll hits you but does no damage.
The gnoll hits you from afar with a spear!
* * * LOW HITPOINT WARNING * * *
Your skin crawls.
You feel resistant to hostile enchantments.
You feel somewhat more hungry.
The gnoll hits you from afar with a halberd!
* * * LOW HITPOINT WARNING * * *
The gnoll barely misses you.
The gnoll hits you from afar with a spear.
* * * LOW HITPOINT WARNING * * *
Unknown command.
There are monsters nearby!
You are too injured to fight recklessly!
You sock the gnoll!
You kill the gnoll!
Trog accepts your kill. The gnoll barely misses you. x2
The gnoll hits you with a halberd.
You die...

###.. .....##
...>.# ###...# #
......# .#
#####...#####.#
......$.....g.#####
...........@g.....#
####.#.#.....#####
.####.#.####..#
........####..#
.####.#.......#
#.#)#####.# # #.#
.# ##.#.# .#
#..#.#####.#


You could see 2 gnolls.

Vanquished Creatures
  2 gnolls (D:3)
  An adder (D:2)
  An ooze (D:1)
  3 worms (D:2)
  2 dart slugs
  A leopard gecko (D:2)
  2 ball pythons
  6 bats
  4 goblins
  3 hobgoblins
  3 frilled lizards
  2 kobolds (D:3)
  5 rats
35 creatures vanquished.

Notes
Turn   | Place    | Note
-------+----------+-------------------------------------------
     0 | D:1      | taaruk the Minotaur Berserker began the quest for the Orb.
     0 | D:1      | Reached XP level 1. HP: 19/19 MP: 0/0
   279 | D:1      | Reached XP level 2. HP: 27/27 MP: 1/1
   777 | D:2      | Found a sparkling altar of Nemelex Xobeh.
   798 | D:2      | Reached XP level 3. HP: 28/33 MP: 2/2
   827 | D:2      | Reached ** piety under Trog
   886 | D:2      | Found a glowing silver altar of Zin.
   886 | D:2      | Noticed an angel
  1505 | D:3      | Reached XP level 4. HP: 41/41 MP: 3/3
  1510 | D:3      | HP: 2/41 [gnoll/spear (4)]
  1512 | D:3      | Slain by a gnoll

Skill      XL: |  1  2 |
---------------+-------+-----
Maces & Flails | 4 |  4.9
Fighting       | 4 |  4.8
Armour         | |  2.6
Dodging        | |  2.5

Action                   |  1- 3 |  4- 6 || total
-------------------------+-------+-------++-------
Melee: Mace              |    60 |     5 ||    65
       Headbutt          |    11 |     1 ||    12
Invok: Trog's Hand       |       |     1 ||     1
  Eat: Ration            |     1 |       ||     1
Armor: Animal skin       |    14 |     2 ||    16
Dodge: Dodged            |    29 |     7 ||    36
